 Dungeon Crawl Stone Soup version 0.29.1-1-gd02db6906a (webtiles) character file.

Game seed: 10756571393405516733

77 KennySheep the Shooter (level 4, -7/37 HPs)
             Began as a Meteoran Hunter on Sept 29, 2022.
             Mangled by Terence
             ... wielding a +0 flail
              (11 damage)
             ... on level 3 of the Dungeon.
             The game lasted 00:03:20 (1230 turns).

KennySheep the Shooter (Meteoran Hunter)            Turns: 1230, Time: 00:03:20

Health: -7/37      AC:  7    Str: 13    XL:     4   Next: 89%
Magic:  5/5        EV: 10    Int: 10    God:
Gold:   111        SH:  0    Dex: 19    Spells: 3/3 levels left

rFire   + . .      SeeInvis .   a - +0 shortbow
rCold   . . .      Faith    .   (shield currently unavailable)
rNeg    . . .      Spirit   .   i - +0 scale mail {rF+}
rPois   .          Reflect  .   (no helmet)
rElec   .          Harm     .   (no cloak)
rCorr   .          Rampage  .   (no gloves)
Will    .....                   d - +0 pair of boots
Stlth   ..........              (no amulet)
HPRegen 0.12/turn               (no ring)
MPRegen 0.09/turn               (no ring)

@: glowing
A: sense surroundings 1, otherworldly, glowing, explore regen
a: no special abilities


You were on level 3 of the Dungeon.
You visited 1 branch of the dungeon, and saw 3 of its levels.

You collected 111 gold pieces.

Inventory:

Hand Weapons
 a - a +0 shortbow (weapon)
Armour
 c - a +0 leather armour
 d - a +0 pair of boots (worn)
 f - a +0 scale mail
 i - a +0 scale mail of fire resistance (worn)
Jewellery
 k - a +6 ring of intelligence
Scrolls
 b - a scroll of immolation
 e - 2 scrolls of identify {unknown}
 g - 2 scrolls of magic mapping
 j - a scroll of teleportation {unknown}
 m - a scroll of blinking {unknown}
 n - a scroll of amnesia {unknown}
Potions
 h - a potion of heal wounds {unknown}
 l - a potion of resistance {unknown}
 o - a potion of curing {unknown}


   Skills:
 + Level 2.9 Fighting
 * Level 5.2 Ranged Weapons
 + Level 1.7 Armour
 + Level 3.3 Dodging
 - Level 0.6 Stealth


You had 3 spell levels left.
You didn't know any spells.
Your spell library contained the following spells:

 Spells                   Type           Power      Damage    Failure   Level
 Slow                     Hex            0%         N/A       87%         1
 Confusing Touch          Hex            0%         N/A       99%         3
 Conjure Flame            Conj/Fire      0%         6-21      99%         3
 Ignite Poison            Fire/Tmut/Pois 0%         N/A       99%         3
 Vampiric Draining        Necr           0%         2d6       99%         3
 Sticky Flame             Conj/Fire      0%         2d3       100%        4


Dungeon Overview and Level Annotations

Branches:
Dungeon (3/15) Zot: 523

Altars:
Yredelemnul

Annotations:
D:3 Terence


Innate Abilities, Weirdness & Mutations

You passively map a small area around you.
You are easily found by Zot.
You glow in the dark.
You regain HP and MP as you explore.


Message History

No target in view!
Terence the Incautious comes into view.
He is wielding a +0 flail.
Terence shouts!
You shoot an arrow. The arrow barely misses the kobold.
The kobold closely misses you. The kobold hits you with a +0 dagger.
You shoot an arrow. The arrow hits the kobold.
The kobold is severely wounded.
The kobold hits you but does no damage.
You shoot an arrow. The arrow hits the kobold!
You kill the kobold!
A hobgoblin comes into view.
You shoot an arrow. The arrow closely misses Terence.
You shoot an arrow. The arrow hits Terence.
Terence is lightly wounded.
Terence hits you with a +0 flail.
You shoot an arrow. The arrow closely misses Terence.
Terence barely misses you.
You shoot an arrow. The arrow hits Terence.
Terence is moderately wounded.
Terence closely misses you.
You shoot an arrow. The arrow hits Terence.
Terence is moderately wounded.
Terence hits you with a +0 flail. Terence hits you with a +0 flail!
You shoot an arrow. The arrow barely misses Terence.
The arrow hits the hobgoblin!
You kill the hobgoblin!
Terence hits you with a +0 flail. Terence attacks as you move away!
Terence hits you with a +0 flail.
* * * LOW HITPOINT WARNING * * *
You are too injured to fight recklessly!
You are too injured to fight recklessly!
You are too injured to fight recklessly!
Terence attacks as you move away! Terence closely misses you.
Terence attacks as you move away! Terence hits you with a +0 flail.
* * * LOW HITPOINT WARNING * * *
Terence attacks as you move away! Terence hits you with a +0 flail.
* * * LOW HITPOINT WARNING * * *
Terence attacks as you move away! Terence hits you but does no damage.
Terence attacks as you move away! Terence hits you with a +0 flail!
You die...

* * , * * #.# * ##.#
#..., ,, ,, , # *##..###
, * #. ..... ,
#...###.####...
#.........##.>#### ,
####....##?#....@...#*
..............#@..#.## ,
.......................
*
...............##.##.#.,
##.#.>.)####.#.# .#* # ,
#............#.# .# ,
#.≈≈≈≈≈≈≈≈≈.##.#.## *
#.≈....$..≈.##.#.# * *
#.≈.###.#.≈.##..., ,


You could see Terence.

Vanquished Creatures
  Jessica (D:2)
  A dart slug (D:1)
  4 orcs (D:3)
  3 endoplasms
  2 giant cockroaches
  7 goblins
  4 hobgoblins
  2 quokkas (D:1)
  3 ball pythons
  2 bats (D:1)
  2 frilled lizards
  6 kobolds
  3 rats
40 creatures vanquished.

Notes
Turn   | Place    | Note
-------+----------+-------------------------------------------
     0 | D:1      | KennySheep the Meteoran Hunter began the quest for the Orb.
     0 | D:1      | Reached XP level 1. HP: 17/17 MP: 2/2
    96 | D:1      | Reached XP level 2. HP: 25/25 MP: 3/3
   241 | D:1      | Reached skill level 1 in Armour
   241 | D:1      | Reached XP level 3. HP: 30/30 MP: 4/4
  1040 | D:2      | Noticed Jessica
  1043 | D:2      | Killed Jessica
  1044 | D:2      | Reached skill level 5 in Ranged Weapons
  1044 | D:2      | Reached XP level 4. HP: 37/37 MP: 5/5
  1060 | D:2      | Glimpsed the power of Zot.
  1110 | D:2      | Glimpsed the power of Zot.
  1207 | D:3      | Found a basalt altar of Yredelemnul.
  1211 | D:3      | Noticed Terence
  1230 | D:3      | Mangled by Terence

Illustrated notes

Levels and vault maps discovered:
D:1:      spicycebolla_arrival_ecumenical, layout_rooms
D:2:      layout_basic, uniq_jessica
D:3:      layout_loops_cross, mainiacjoe_overflow_brackets, serial_shops,
          shop_fountains, grunt_decor_clamped, uniq_terence

Skill      XL: |  1  2  3 |
---------------+----------+-----
Armour         | 1 |  1.7
Dodging        | 3 |  3.3
Ranged Weapons | 5 |  5.2
Fighting       | |  2.9
Stealth        | |  0.6

Action                   |  1- 3 |  4- 6 || total
-------------------------+-------+-------++-------
 Fire: Shortbow          |    91 |    16 ||   107
  Use: Scroll            |     1 |       ||     1
       Potion            |     1 |       ||     1
Armor: Leather armour    |     6 |       ||     6
       Scale mail        |     6 |     4 ||    10
Dodge: Dodged            |    26 |     5 ||    31
